Map: 16-Bit LE

Players

Clem

  • Race: Terran Terran
  • Spawn Location: 7:00

Bly - Winner!

  • Race: Zerg Zerg
  • Spawn Location: 1:00

Event: WCS Austin 2018

VOD

Have the link to the VOD?

Description

Time

  • Played on: June 1, 2018, 3:50 p.m.
  • Length: 29:15

All games in this series

Show
View Real Time Build Order
Export as new Build Order

Clem Terran 

Build Orders: Reaper Expand, Bio Tank, Hellion Banshee 

Get SALT Encoding   

  12  0:00  SCV  
  13  0:12  SCV  
  14  0:17  Supply Depot  
  14  0:24  SCV  
  15  0:39  SCV  
  15  0:40  Barracks  
  16  0:46  Refinery  
  16  0:51  SCV  
  17  1:03  SCV  
  18  1:15  SCV  
  19  1:28  Orbital Command, Reaper  
  20  1:42  Command Center  
  20  1:55  Supply Depot, SCV  
  20  2:00  Marine  
  22  2:10  Factory  
  22  2:12  SCV  
  23  2:22  Refinery  
  23  2:23  Barracks Reactor  
  23  2:24  SCV  
  24  2:36  SCV  
  25  2:49  SCV  
  26  2:52  Command Center  
  26  3:00  Starport  
  26  3:03  Orbital Command  
  26  3:06  SCV  
  29  3:13  Hellion  
  29  3:17  Hellion  
  31  3:20  SCV  
  31  3:22  Refinery  
  31  3:25  Barracks Tech Lab  
  32  3:30  SCV  
  32  3:32  SCV  
  34  3:34  Hellion  
  37  3:41  Hellion  
  37  3:42  SCV  
  37  3:44  SCV  
  39  3:54  SCV  
  40  3:57  SCV  
  40  3:58  Hellion  
  40  4:00  Banshee  
  46  4:02  Barracks Tech Lab  
  46  4:13  SCV  
  46  4:14  Hellion  
  46  4:15  Orbital Command  
  46  4:16  SCV  
  50  4:23  Stimpack, Marine  
  51  4:25  SCV  
  51  4:31  SCV  
  52  4:33  Barracks  
  52  4:35  Barracks  
  52  4:37  SCV  
  53  4:40  Marine  
  53  4:41  SCV  
  53  4:43  Supply Depot, SCV  
  53  4:45  Factory Reactor  
  56  4:50  SCV  
  55  4:53  Starport Reactor  
  55  4:54  SCV  
  55  4:55  SCV  
  55  4:57  Refinery  
  55  4:58  Marine  
  55  4:59  Refinery  
  58  5:03  Engineering Bay  
  58  5:04  SCV  
  58  5:06  Engineering Bay  
  57  5:07  SCV  
  57  5:10  SCV  
  59  5:16  SCV, Marine  
  59  5:19  Supply Depot, SCV  
  59  5:20  Supply Depot  
  62  5:25  SCV  
  61  5:28  SCV  
  61  5:31  SCV  
  61  5:34  Marine x3  
  66  5:36  Siege Tank  
  66  5:37  SCV  
  66  5:39  Medivac  
  66  5:40  Marine  
  69  5:53  Terran Infantry Weapons Level 1, Terran Infantry Armor Level 1  
  69  5:55  Supply Depot  
  69  5:57  Supply Depot, Marine, Medivac  
  69  5:58  SCV x3  
  69  6:01  Marine x2  
  77  6:05  Marine x2  
  77  6:10  SCV x3  
  77  6:11  Supply Depot  
  82  6:12  Supply Depot  
  82  6:15  Marine  
  82  6:16  Siege Tank  
  86  6:19  Marine x2  
  86  6:23  Combat Shield, Marine  
  86  6:24  SCV  
  86  6:25  SCV  
  91  6:26  SCV  
  91  6:28  Marine  
  93  6:33  Supply Depot, Marine  
  93  6:37  SCV x2  
  93  6:38  SCV  
  93  6:39  Barracks  
  97  6:40  Barracks  
  97  6:46  Marine x2  
  99  6:49  SCV x2  
  99  6:50  SCV  
  102  6:54  Marine x2  
  102  6:56  Armory  
  102  6:57  Refinery  
  102  6:58  Refinery  
  102  7:00  Siege Tank  
  102  7:01  SCV x2  
  109  7:05  Supply Depot, SCV  
  109  7:07  Marine x2  
  112  7:10  Marine  
  112  7:12  Factory, Marine  
  112  7:13  SCV  
  109  7:16  Marine  
  109  7:17  SCV  
  109  7:21  SCV  
  109  7:23  Medivac x2  
  109  7:25  SCV, Marine x2  
  109  7:28  Marine  
  109  7:29  Supply Depot x2  
  118  7:30  Marine  
  118  7:35  SCV  
  119  7:42  Marine x2  
  119  7:43  Marine  
  119  7:44  Barracks Reactor x2  
  118  7:45  Siege Tank  
  118  7:47  Terran Infantry Weapons Level 2  
  118  7:48  Supply Depot  
  118  7:50  Supply Depot  
  120  7:53  Medivac  
  120  7:55  Terran Infantry Armor Level 2  
  120  7:56  Terran Vehicle Weapons Level 1  
  120  7:58  SCV x2  
  123  7:59  SCV  
  124  8:07  Factory Tech Lab  
  124  8:12  Marine  
  125  8:14  Medivac  
  125  8:15  Marine x4, Command Center  
  131  8:20  Marine x2  
  131  8:21  Marine x2  
  131  8:25  Siege Tank  
  138  8:29  Marine  
  138  8:33  Marine x2  
  141  8:34  Siege Tank  
  141  8:35  Marine  
  141  8:36  Marine  
  141  8:38  Marine x2  
  141  8:39  Supply Depot, Marine  
  141  8:40  Marine  
  150  8:45  Barracks  
  150  8:47  Marine  
  150  8:48  Barracks  
  151  8:51  Barracks, Marine x2  
  151  8:52  Liberator  
  151  8:53  Marine  
  152  8:57  Marauder, Marine  
  152  8:58  Siege Tank, Liberator  
  152  9:00  Marine  
  155  9:08  Marine  
  152  9:14  Marine x3  
  152  9:16  Siege Tank  
  153  9:17  Marine x2  
  153  9:18  Marauder, Marine x2  
  153  9:19  SCV  
  153  9:20  SCV  
  160  9:25  Marine  
  160  9:26  Supply Depot  
  160  9:30  Planetary Fortress  
  159  9:32  Marine x3  
  159  9:34  Marine  
  159  9:35  Refinery, Marine  
  159  9:37  Refinery  
  164  9:38  Barracks Tech Lab x2  
  164  9:40  Barracks Tech Lab  
  164  9:49  Siege Tank  
  164  9:51  Siege Tank  
  170  9:52  Marine  
  170  9:53  Terran Vehicle Weapons Level 2, Marine x2  
  170  9:54  SCV x2  
  170  9:55  SCV  
  173  10:06  SCV x2, Marine  
  164  10:16  Medivac  
  164  10:19  Command Center  
  164  10:20  Medivac  
  168  10:21  Siege Tank  
  168  10:23  Siege Tank, Ghost Academy  
  168  10:24  Terran Infantry Weapons Level 3  
  168  10:25  Marine x2  
  168  10:26  Marine  
  177  10:39  Command Center  
  177  10:40  Terran Infantry Armor Level 3  
  177  10:41  Missile Turret, Marine  
  178  10:46  Medivac  
  178  10:47  Missile Turret  
  180  10:53  Ghost x2  
  180  10:54  Marine x2  
  180  10:56  Ghost, Medivac  
  185  11:01  Ghost  
  185  11:02  Marine x4  
  185  11:04  Marine x2  
  195  11:16  Barracks  
  195  11:17  Barracks  
  195  11:22  Ghost  
  195  11:23  Starport  
  195  11:26  Fusion Core  
  195  11:27  Marine  
  195  11:37  Marine x3, Ghost  
  199  11:43  SCV  
  200  11:58  Refinery  
  200  11:59  Refinery  
  200  12:01  Starport Tech Lab  
  199  12:09  Terran Ship Weapons Level 1  
  199  12:16  Orbital Command  
  199  12:21  Siege Tank, Command Center  
  199  12:24  Command Center  
  199  12:26  Barracks Tech Lab x2  
  199  12:30  Planetary Fortress  
  199  12:32  SCV x2  
  199  12:34  SCV  
  197  12:38  Ghost  
  197  12:39  Marine x2  
  197  12:40  Concussive Shells  
  198  12:51  Liberator x2  
  198  12:55  Starport  
  198  12:56  Starport  
  198  12:58  Liberator  
  192  12:59  Ghost  
  191  13:06  Sensor Tower  
  191  13:09  Missile Turret  
  191  13:10  Command Center  
  191  13:12  Advanced Ballistics  
  200  13:25  Barracks x2  
  200  13:48  Ghost x2  
  199  13:56  Personal Cloaking  
  199  14:00  Ghost  
  199  14:01  Ghost  
  199  14:02  Marine  
  200  14:10  Command Center x2  
  200  14:11  Missile Turret x2  
  198  14:30  Marine x3, Ghost x2  
  198  14:42  Ghost  
  198  14:44  Missile Turret  
  200  14:46  Missile Turret  
  200  14:55  Refinery  
  200  14:56  Ghost Academy  
  200  14:57  Missile Turret  
  200  14:59  Refinery, Ghost Academy  
  198  15:16  Terran Ship Weapons Level 2  
  198  15:17  Structure Armor  
  198  15:22  Nuke  
  198  15:27  Liberator  
  198  15:29  Ghost  
  198  15:32  Siege Tank  
  198  15:33  Ghost  
  198  15:34  Marine  
  198  15:35  Ghost  
  174  15:45  Ghost  
  174  15:46  Ghost  
  174  15:47  Marine x3  
  174  15:48  Barracks Tech Lab x2  
  174  15:49  Marine x4  
  183  15:50  Marine  
  183  15:52  Marine  
  187  15:57  Siege Tank  
  187  15:58  Marine  
  187  16:01  Orbital Command  
  187  16:02  Ghost  
  193  16:04  Marine  
  193  16:05  Marine x3  
  193  16:06  Siege Tank  
  193  16:10  Planetary Fortress  
  200  16:15  Liberator  
  200  16:18  Medivac  
  194  16:27  Ghost  
  194  16:31  Hi-Sec Auto Tracking  
  199  16:34  Marine  
  200  16:57  Liberator  
  200  17:04  Marine x2  
  192  17:11  Siege Tank  
  192  17:12  Marine, Ghost  
  192  17:13  Marine  
  200  17:16  Nuke  
  200  17:17  Nuke  
  200  17:31  Unknown x2  
  200  17:32  Unknown x8  
  200  17:33  Unknown  
  199  17:39  Unknown  
  199  17:40  Unknown  
  199  17:41  Siege Tank, Unknown x3  
  199  17:42  Medivac  
  200  17:51  Marine x3, Ghost  
  194  17:57  Marine  
  200  17:59  Terran Ship Weapons Level 3  
  200  18:06  Planetary Fortress  
  200  18:21  Command Center  
  200  18:23  Nuke x2, Missile Turret  
  200  18:25  Sensor Tower, Missile Turret x2  
  200  18:28  Command Center  
  200  18:30  Refinery  
  200  18:33  Refinery  
  199  18:36  Marine  
  200  18:49  Nuke  
  200  18:50  Orbital Command  
  196  19:03  Ghost  
  196  19:04  Marine x4  
  200  19:21  Ghost  
  200  19:22  Marine  
  196  19:25  Siege Tank  
  197  19:31  Ghost  
  197  19:32  Marine  
  200  19:42  Command Center  
  200  19:58  Nuke x3  
  200  20:00  Orbital Command  
  200  20:13  Refinery, Ghost  
  200  20:14  Liberator  
  200  20:16  Refinery, Planetary Fortress  
  196  20:29  Ghost  
  196  20:33  Siege Tank  
  199  20:36  Marine  
  199  20:48  Nuke  
  196  20:50  Marine x2, Ghost  
  200  21:02  Nuke  
  200  21:03  Ghost  
  196  21:04  Marine x2  
  200  21:15  Marine x4  
  200  21:16  Marine  
  200  21:24  Orbital Command  
  200  21:26  Command Center  
  200  21:27  Command Center  
  200  21:28  Missile Turret  
  200  21:29  Missile Turret  
  200  21:33  Unknown x8  
  200  21:39  Unknown x2  
  200  21:59  Unknown x7, Ghost x2  
  200  22:00  Unknown x6  
  200  22:03  Starport  
  200  22:05  Starport x2, Nuke  
  200  22:25  Orbital Command, Missile Turret  
  200  22:26  Unknown  
  200  22:29  SCV  
  200  22:34  Liberator  
  200  22:36  SCV, Liberator x4  
  199  22:43  Siege Tank  
  192  22:48  SCV  
  192  22:50  SCV  
  187  22:55  Liberator  
  193  23:01  Marine x2, Ghost  
  193  23:03  Liberator  
  193  23:09  Command Center  
  193  23:12  Command Center  
  189  23:13  Ghost  
  189  23:14  Siege Tank  
  189  23:15  Command Center  
  189  23:17  Ghost  
  195  23:24  Command Center  
  195  23:25  Barracks Tech Lab  
  198  23:32  Siege Tank  
  198  23:33  Ghost  
  198  23:34  Marine  
  197  23:35  Marine  
  197  23:36  Marine  
  197  23:37  Marine x3  
  200  24:05  Nuke  
  200  24:10  Unknown  
  200  24:14  Unknown x6  
  200  24:15  Unknown x2  
  197  24:24  Ghost  
  197  24:30  Orbital Command x2  
  199  24:31  Missile Turret  
  199  24:32  Missile Turret  
  199  24:38  Missile Turret, Command Center  
  199  24:39  Missile Turret  
  199  24:41  Missile Turret x2, Command Center  
  199  24:44  Missile Turret, Unknown  
  199  24:45  Refinery  
  199  24:46  Missile Turret  
  199  24:47  Refinery  
  199  24:50  Orbital Command  
  198  24:54  Marine  
  198  24:55  Marine x2  
  198  24:57  Orbital Command  
  198  24:59  SCV  
  198  25:11  Ghost  
  200  25:14  Planetary Fortress  
  200  25:28  Starport  
  200  25:29  Starport x2  
  200  25:35  Nuke  
  200  25:42  Liberator  
  200  25:48  Missile Turret  
  200  25:49  Missile Turret  
  200  25:50  Missile Turret  
  200  25:52  Missile Turret  
  200  25:53  Missile Turret, Ghost x2  
  200  25:54  Ghost  
  196  26:03  Marine  
  200  26:13  Unknown x2  
  200  26:14  Unknown x2  
  200  26:21  Nuke  
  198  26:28  Ghost x2  
  198  26:29  Marine x2, Ghost x2  
  198  26:30  Ghost x2  
  198  26:54  Nuke  
  192  26:55  Ghost  
  192  26:58  Ghost  
  181  27:02  Ghost  
  181  27:04  Marine x2  
  181  27:05  Marine x6  
  181  27:06  Ghost  
  181  27:07  Medivac x2  
  190  27:08  Ghost  
  175  27:22  Marine x4, Viking x4  
  185  27:23  Marine x4, Ghost  
  185  27:26  Ghost  
  194  27:31  Ghost  
  197  27:37  Marine, Viking  
  197  27:40  Marine x3  
  198  27:44  Viking  
  197  27:52  Viking x2  
  197  27:55  Siege Tank, Ghost x2  
  195  27:59  Ghost  
  195  28:04  Viking  
  171  28:15  Marine x8  
  171  28:18  Barracks Tech Lab  
  173  28:20  Medivac  
  173  28:21  Viking x2  
  173  28:22  Siege Tank, Viking x2  
  173  28:23  Ghost  
  184  28:28  Ghost  
  184  28:33  Marine x8  
  167  28:34  Viking  
  164  28:47  Barracks x2  
  155  28:49  Barracks  
  155  28:51  Marine x4  
Show
View Real Time Build Order
Export as new Build Order

Bly Zerg - Winner!

Build Orders: Hatch First, Brood Lord Corruptor 

Get SALT Encoding   

  12  0:01  Drone  
  13  0:12  Overlord  
  13  0:19  Drone  
  14  0:31  Drone x2  
  16  0:36  Drone  
  17  0:53  Hatchery  
  17  0:56  Drone  
  17  1:01  Extractor  
  16  1:12  Spawning Pool  
  16  1:15  Drone  
  16  1:19  Drone  
  16  1:22  Drone  
  18  1:29  Drone  
  19  1:39  Overlord  
  19  1:53  Drone  
  20  1:58  Queen  
  22  2:02  Zergling x2  
  22  2:04  Queen  
  22  2:05  Zergling x2  
  26  2:11  Drone  
  26  2:13  Metabolic Boost  
  27  2:16  Drone  
  27  2:22  Drone  
  29  2:28  Drone  
  29  2:44  Hatchery  
  29  2:48  Queen  
  30  2:54  Overlord  
  30  3:00  Drone x3  
  30  3:01  Drone  
  34  3:09  Overlord  
  34  3:15  Drone x2  
  34  3:16  Drone x2  
  38  3:23  Drone  
  38  3:24  Drone  
  40  3:32  Roach Warren  
  39  3:34  Overlord  
  39  3:44  Overlord, Extractor  
  37  3:54  Drone x2  
  37  3:55  Drone  
  40  3:56  Queen  
  42  4:05  Zergling x10  
  47  4:15  Roach x5  
  47  4:17  Drone x2  
  59  4:22  Drone x2  
  61  4:38  Overlord  
  61  4:45  Drone  
  61  4:46  Drone x2  
  61  4:47  Overlord, Drone  
  61  4:50  Overlord  
  65  4:55  Overlord  
  65  4:58  Overlord  
  64  5:00  Overlord  
  64  5:02  Lair  
  64  5:03  Drone x4  
  64  5:04  Drone  
  64  5:05  Drone  
  67  5:11  Zergling x8  
  67  5:13  Zergling x2  
  72  5:16  Zergling x2  
  73  5:22  Spore Crawler  
  73  5:23  Spore Crawler  
  73  5:24  Extractor  
  73  5:28  Drone x4  
  74  5:33  Drone x2  
  74  5:41  Drone x2  
  74  5:42  Drone x2  
  74  5:45  Extractor, Evolution Chamber  
  68  5:52  Drone x4  
  71  6:01  Glial Reconstitution  
  71  6:05  Infestation Pit, Roach  
  71  6:06  Roach x3  
  78  6:11  Zerg Ground Armor Level 1  
  78  6:12  Overlord  
  78  6:14  Hatchery  
  76  6:23  Overlord  
  76  6:24  Drone  
  76  6:25  Drone x5  
  82  6:26  Extractor  
  82  6:27  Extractor  
  82  6:32  Drone x2  
  81  6:33  Drone x2  
  82  6:40  Drone x2  
  82  6:41  Drone x2, Hive  
  82  6:45  Infestor x2  
  90  6:48  Infestor  
  92  6:55  Roach x2  
  96  7:02  Roach x4  
  104  7:12  Roach  
  104  7:13  Overlord, Roach x3  
  110  7:26  Roach x5  
  120  7:31  Overlord  
  107  7:50  Drone x6  
  107  7:51  Drone  
  114  7:57  Ultralisk Cavern  
  113  7:58  Evolution Chamber  
  113  8:04  Drone x3  
  113  8:05  Drone  
  114  8:06  Zerg Ground Armor Level 2  
  114  8:08  Overlord x2  
  116  8:13  Roach x3  
  116  8:19  Extractor  
  119  8:28  Roach  
  119  8:29  Roach x8  
  119  8:32  Overlord  
  119  8:33  Hatchery  
  134  8:36  Overlord, Extractor  
  134  8:37  Spore Crawler  
  134  8:39  Ravager x3  
  134  8:40  Overlord  
  135  8:41  Zerg Melee Weapons Level 1  
  133  8:50  Infestor x3  
  133  8:53  Zergling x10  
  140  9:05  Chitinous Plating  
  140  9:09  Zergling x12  
  144  9:15  Ultralisk  
  149  9:18  Overlord  
  145  9:24  Infestor x2  
  145  9:25  Zergling x2  
  145  9:26  Zergling x10  
  147  9:39  Queen x3  
  147  9:45  Zergling x16  
  155  10:22  Zerg Ground Armor Level 3, Spire  
  155  10:25  Hatchery  
  153  10:39  Zerg Melee Weapons Level 2  
  147  11:07  Drone x3  
  147  11:08  Drone  
  150  11:23  Ultralisk x2  
  150  11:24  Overlord, Ultralisk x3  
  178  11:39  Greater Spire  
  177  11:41  Drone  
  177  11:42  Drone x12  
  177  11:45  Overlord  
  190  11:47  Baneling Nest  
  188  12:04  Extractor  
  187  12:10  Hatchery  
  184  12:17  Corruptor x8  
  184  12:18  Overlord  
  200  12:28  Burrow, Pneumatized Carapace  
  200  12:29  Overseer  
  200  12:30  Centrifical Hooks, Overseer  
  182  13:02  Zerg Missile Weapons Level 1, Zerg Melee Weapons Level 3  
  182  13:03  Zerg Flyer Armor Level 1  
  181  13:11  Drone x2  
  183  13:16  Corruptor x2  
  183  13:17  Corruptor x5, Extractor  
  193  13:44  Hatchery  
  171  14:02  Zergling x2, Ultralisk x4  
  182  14:03  Zergling x14  
  189  14:14  Brood Lord x5  
  190  14:39  Baneling x10  
  190  14:40  Brood Lord  
  190  14:41  Brood Lord x4  
  200  14:57  Zerg Flyer Weapons Level 1  
  199  15:16  Hatchery, Extractor  
  199  15:18  Zerg Missile Weapons Level 2  
  199  15:19  Extractor  
  171  15:37  Infestor x2  
  163  15:43  Ultralisk x4  
  163  15:44  Zergling x18  
  163  15:45  Zergling x24  
  194  15:51  Zergling x12  
  200  16:03  Spore Crawler  
  199  16:08  Baneling x7  
  199  16:09  Baneling x3, Overseer x4  
  198  16:21  Adrenal Glands  
  183  16:43  Zergling x2, Ultralisk x2  
  193  17:07  Corruptor x4  
  193  17:08  Zerg Flyer Weapons Level 2  
  191  17:18  Baneling x6  
  191  17:40  Infestor  
  191  17:42  Zergling x18  
  191  17:43  Zergling x12  
  194  17:45  Queen x2  
  194  17:46  Queen  
  184  17:56  Zergling x10  
  189  18:00  Brood Lord x4  
  189  18:02  Overseer  
  197  18:07  Zergling x2  
  197  18:08  Zergling x4  
  200  18:27  Baneling x5  
  200  18:30  Overseer  
  200  18:31  Overseer  
  197  18:47  Overseer  
  197  18:56  Spine Crawler  
  197  18:57  Spine Crawler  
  197  18:58  Spine Crawler  
  197  19:01  Infestor  
  197  19:02  Infestor x2  
  200  19:05  Spore Crawler  
  200  19:06  Spore Crawler  
  200  19:07  Spore Crawler  
  192  19:24  Zerg Flyer Armor Level 2  
  188  19:32  Brood Lord x4  
  188  19:36  Drone  
  188  19:38  Drone x4  
  167  19:39  Drone  
  169  19:47  Overseer x4  
  169  19:58  Pathogen Glands  
  170  20:00  Zergling x22  
  152  20:31  Corruptor x11  
  172  20:48  Zergling x10  
  172  20:49  Zergling x2  
  172  20:51  Extractor  
  172  20:53  Extractor  
  167  21:03  Hatchery  
  167  21:04  Brood Lord x11  
  165  21:09  Drone x3  
  187  21:11  Spore Crawler  
  187  21:15  Spore Crawler  
  178  21:29  Infestor x3  
  178  21:30  Corruptor  
  178  21:31  Corruptor x6  
  198  21:39  Overlord  
  198  21:41  Zerg Flyer Weapons Level 3  
  189  22:10  Extractor  
  189  22:14  Extractor, Zergling x2  
  189  22:15  Zergling x22  
  199  22:31  Spore Crawler  
  199  22:34  Spine Crawler  
  197  22:41  Zergling x2  
  197  22:42  Zergling x2  
  185  23:08  Baneling x9  
  185  23:11  Viper  
  185  23:12  Viper  
  191  23:26  Drone  
  191  23:27  Drone  
  193  23:28  Spore Crawler x2  
  193  23:29  Drone x3  
  193  23:30  Spore Crawler  
  193  23:31  Spore Crawler  
  183  23:43  Corruptor x5  
  183  23:45  Zergling x6  
  183  23:46  Zergling x6  
  199  24:32  Zerg Flyer Armor Level 3  
  198  24:47  Hatchery  
  195  25:26  Infestor x2  
  195  25:27  Zerg Missile Weapons Level 3  
  197  25:38  Hatchery  
  196  25:46  Queen  
  197  26:36  Unknown  
  197  26:42  Unknown  
  197  26:45  Overlord x2  
  193  27:10  Zergling x14  
  198  27:41  Extractor  
  198  27:43  Extractor  
  160  28:20  Zergling x36  
  160  28:22  Queen x2  
  178  28:32  Ultralisk x3  
  178  28:33  Ultralisk x2  
  198  28:54  Zergling x4  
  200  29:00  Baneling x12  
Tags
 
Add a new tag
Caveats
  • Supply blocks, unpowered buildings, or Contaminate may cause inaccurate times.
  • Supply counts are checked every 10 seconds.